 Dungeon Crawl Stone Soup version 0.29-a0-337-g68df138881 (webtiles) character file.

Game seed: 16269602530728004806

11 crimpus the Chopper (level 2, -2/27 HPs)
             Began as a Hill Orc Berserker on Apr 16, 2022.
             Was a Follower of Trog.
             Slain by a goblin
             ... wielding a +1 dagger of electrocution
             ... led by Robin
              (5 damage)
             ... on level 2 of the Dungeon.
             The game lasted 00:00:17 (374 turns).

crimpus the Chopper (Hill Orc Berserker)             Turns: 374, Time: 00:00:18

Health: -2/27      AC:  2    Str: 19    XL:     2   Next: 25%
Magic:  2/2        EV: 12    Int:  7    God:    Trog [*.....]
Gold:   13         SH:  0    Dex: 10    Spells: 1/1 levels left

rFire   . . .      SeeInvis .   a - +0 hand axe
rCold   . . .      Faith    .   (no shield)
rNeg    . . .      Spirit   .   b - +0 animal skin
rPois   .          Reflect  .   (no helmet)
rElec   .          Harm     .   (no cloak)
rCorr   .          Rampage  .   (no gloves)
Will    .....                   (no boots)
Stlth   +.........              (no amulet)
HPRegen 0.09/turn               (no ring)
MPRegen 0.08/turn               (no ring)

@: no status effects
A: no striking features
a: Renounce Religion, Berserk


You were on level 2 of the Dungeon.
You worshipped Trog.
Trog was aware of your devotion.
You visited 1 branch of the dungeon, and saw 2 of its levels.

You collected 13 gold pieces.

Inventory:

Hand Weapons
 a - a +0 hand axe (weapon)
Armour
 b - a +0 animal skin (worn)
Scrolls
 c - 2 scrolls of torment {unknown}


   Skills:
 + Level 3.8 Fighting
 + Level 4.4 Axes
 + Level 2.2 Armour
 + Level 1.8 Dodging


You had one spell level left.
You didn't know any spells.
Your spell library was empty.

Dungeon Overview and Level Annotations

Branches:
Dungeon (1/15)

Altars:

Annotations:
D:2 Robin


Message History

Robin, 4 hobgoblins, 8 goblins and a bat come into view.
A goblin is wielding a +1 dagger of electrocution.
Robin shouts!
The hobgoblin shouts!
The goblin shouts! x3
The hobgoblin shouts!
The goblin shouts!
The hobgoblin shouts!
The goblin shouts! x2
You hit the bat.
You kill the bat!
Trog accepts your kill.
You hit the goblin.
The goblin is moderately wounded.
You miss the goblin.
Robin roars a battlecry!
The goblins go into a battle-frenzy!
The goblin hits you with a +0 dagger. The goblin misses you.
You barely miss the goblin.
The goblin is moderately wounded.
You barely miss the goblin. You hit the hobgoblin. You barely miss the goblin.
The goblin hits you but does no damage. The goblin hits you with a +0 club.
The goblin hits you with a +0 dagger.
You fail to use your ability.
Robin throws the goblin at you! The goblin hits you with a +0 dagger.
The goblin completely misses you. The goblin closely misses you.
The goblin hits you with a +0 club. The goblin closely misses you.
The hobgoblin misses you.
You are too injured to fight recklessly!
You are too injured to fight recklessly!
You are too injured to fight recklessly!
Unknown command.
The goblin attacks as you move away! The goblin hits you with a +0 dagger.
* * * LOW HITPOINT WARNING * * *
Robin throws the goblin at you! The goblin barely misses you.
The hobgoblin hits you but does no damage.
The goblin barely misses you. The goblin closely misses you.
The goblin barely misses you.
Robin says, "Duck!"
The goblin attacks as you move away!
The goblin hits you with a +1 dagger of electrocution.
* * * LOW HITPOINT WARNING * * *
The goblin attacks as you move away!
The goblin hits you with a +1 dagger of electrocution.
You die...

#. #.# ...
###.###########.
......gg@.......
##...gg########
+...gg# #..ggg#
#..gg.# #...gg#
#.....# #.....#
#.....#


You could see Robin, 4 hobgoblins and 8 goblins.

Vanquished Creatures
  A dart slug (D:1)
  A giant cockroach (D:1)
  A kobold (D:1)
  2 quokkas (D:1)
  3 bats
  A frilled lizard (D:1)
9 creatures vanquished.

Notes
Turn   | Place    | Note
-------+----------+-------------------------------------------
     0 | D:1      | crimpus the Hill Orc Berserker began the quest for the Orb.
     0 | D:1      | Reached XP level 1. HP: 19/19 MP: 1/1
   143 | D:1      | Reached XP level 2. HP: 27/27 MP: 2/2
   170 | D:1      | Found a faded altar of an unknown god.
   366 | D:1      | You fall into a shaft and drop 1 floor!
   366 | D:2      | Noticed Robin
   374 | D:2      | Slain by a goblin

Illustrated notes

Levels and vault maps discovered:
D:1:      amcnicky_arrival_underground_garden, layout_loops_ring,
          ebering_ecumenical_altar_sacrificial, hangedman_decor_lopped
D:2:      layout_basic, uniq_robin, uniq_jessica

Action                   || total
-------------------------++-------
Melee: Hand axe          ||    29
Armor: Animal skin       ||    10
Dodge: Dodged            ||    31

Table legend: (Time is in decaauts)
 A = Elapsed time spent in this place.
 B = Non-inter-level travel time spent in this place.
 C = Inter-level travel time spent in this place.
 D = Time resting spent in this place.
 E = Time spent auto-exploring this place.
 F = Levels seen in this place.
 G = Mean time per level.
                   A        B        C        D        E       F      G
               +--------+--------+--------+--------+--------+-----+--------+
         Total |    376 |    376 |      0 |      0 |    304 |   2 |  188.0 |
       Dungeon |    376 |    376 |      0 |      0 |    304 |   2 |  188.0 |
               +--------+--------+--------+--------+--------+-----+--------+

Top non-repeatable levels by time:
     D:1: 368 daAuts
     D:2: 7 daAuts
